 Dungeon Crawl Stone Soup version 0.27.1-34-g3ba077fa99 (webtiles) character file.

Game seed: 8387754863657720407

5 Bearnado the Skirmisher (level 1, -2/20 HPs)
             Began as a Minotaur Berserker on Jan 25, 2022.
             Was a Follower of Trog.
             Slain by a goblin (4 damage)
             ... on level 1 of the Dungeon.
             The game lasted 00:01:00 (131 turns).

Bearnado the Skirmisher (Minotaur Berserker)         Turns: 131, Time: 00:01:01

Health: -2/20      AC:  2    Str: 21    XL:     1   Next: 66%
Magic:  0/0        EV: 12    Int:  4    God:    Trog [*.....]
Gold:   16         SH:  0    Dex:  9    Spells: 0/0 levels left

rFire    . . .     SeeInvis .   a - +0 hand axe
rCold    . . .     Faith    .   (no shield)
rNeg     . . .     Spirit   .   b - +0 animal skin
rPois    .         Reflect  .   (helmet restricted)
rElec    .         Harm     .   (no cloak)
rCorr    .         Rampage  .   (no gloves)
Will     .....                  (no boots)
Stlth    +.........             (no amulet)
HPRegen  0.06/turn              (no ring)
MPRegen  0.07/turn              (no ring)

@: no status effects
A: horns 2, retaliatory headbutt
a: Renounce Religion, Berserk


You were on level 1 of the Dungeon.
You worshipped Trog.
Trog was aware of your devotion.
You visited 1 branch of the dungeon, and saw 1 of its levels.

You collected 16 gold pieces.

Inventory:

Hand Weapons
 a - a +0 hand axe (weapon)
Missiles
 c - 14 arrows
Armour
 b - a +0 animal skin (worn)
Potions
 d - a potion of attraction {unknown}
 e - a potion of curing {unknown}


   Skills:
 + Level 3.8 Fighting
 + Level 3.8 Axes
 + Level 2.5 Armour
 + Level 2.2 Dodging


You couldn't memorise any spells.
You didn't know any spells.
Your spell library was empty.

Dungeon Overview and Level Annotations

Branches:
Dungeon (1/15)

Altars:


Innate Abilities, Weirdness & Mutations

You have a pair of horns on your head.
You reflexively headbutt those who attack you in melee.


Message History

A hobgoblin comes into view.
A kobold comes into view. It is wielding a +0 short sword.
The kobold closely misses you.
You miss the kobold. Your headbutt misses the kobold.
The kobold hits you with a +0 short sword.
A rat comes into view.
You barely miss the kobold. You headbutt the kobold.
You kill the kobold!
Trog accepts your kill.
You barely miss the kobold. The bat barely misses you. You furiously retaliate!
You headbutt the bat!
You kill the bat!
Trog accepts your kill.
A goblin comes into view. It is wielding a +0 dagger.
The kobold hits you with a +0 short sword.
The goblin shouts!
You hit the kobold but do no damage. Your headbutt misses the kobold.
A jackal comes into view.
The kobold hits you with a +0 short sword.
You hit the kobold.
You kill the kobold!
Trog accepts your kill.
You hit the goblin but do no damage. You closely miss the hobgoblin.
The hobgoblin misses you. You furiously retaliate!
You headbutt the hobgoblin, but do no damage.
The jackal barely misses you. The goblin hits you but does no damage.
You fail to use your ability.
The hobgoblin hits you. The jackal closely misses you.
The goblin hits you with a +0 dagger.
You hit the jackal but do no damage. Your headbutt misses the jackal.
You miss the goblin. You hit the hobgoblin. The jackal bites you.
The hobgoblin misses you. The goblin hits you with a +0 dagger.
* * * LOW HITPOINT WARNING * * *
The jackal closely misses you. The hobgoblin hits you.
* * * LOW HITPOINT WARNING * * *
You hit the jackal.
You kill the jackal!
Trog accepts your kill.
You barely miss the goblin. You barely miss the hobgoblin.
The goblin hits you with a +0 dagger.
You die...

######....##.# ..
.....'..........
######....##..#
........†.##..#
..............#
......###.###.#
......###.###.$ .#
............##.####...#
.......##.#.##.)@gr...#
.......##.#.###g#####.#
.......##.#.# #.#
.......##.#.###.#
####†#.##.#.....#
#.#.##.####### #.#.##..
#...# ##..#


You could see a hobgoblin, a goblin and a rat.

Vanquished Creatures
  A jackal (D:1)
  A quokka (D:1)
  2 ball pythons (D:1)
  2 bats (D:1)
  2 kobolds (D:1)
8 creatures vanquished.

Notes
Turn   | Place    | Note
-------+----------+-------------------------------------------
     0 | D:1      | Bearnado the Minotaur Berserker began the quest for the
                  | Orb.
     0 | D:1      | Reached XP level 1. HP: 19/19 MP: 0/0
     2 | D:1      | Noticed an ogre
     2 | D:1      | Noticed an elf
     4 | D:1      | Noticed an octopode
     4 | D:1      | Noticed a tengu
     7 | D:1      | Noticed a felid
     9 | D:1      | Noticed a barachi
     9 | D:1      | Noticed a demigod
    12 | D:1      | Noticed a minotaur
    12 | D:1      | Noticed a demonspawn
    14 | D:1      | Noticed a gargoyle
    14 | D:1      | Noticed a naga
    16 | D:1      | Noticed a merfolk
    16 | D:1      | Noticed a dwarf
    18 | D:1      | Noticed a djinni
    18 | D:1      | Noticed a human
    20 | D:1      | Noticed a formicid
    22 | D:1      | Noticed a troll
    22 | D:1      | Noticed a vampire
    24 | D:1      | Noticed a spriggan
    24 | D:1      | Noticed a vine stalker
    26 | D:1      | Noticed a ghoul
    28 | D:1      | Noticed a palentonga
    28 | D:1      | Noticed a draconian
   131 | D:1      | Slain by a goblin

Illustrated notes

Levels and vault maps discovered:
D:1:      kb_arrival_jail, layout_basic, dreamdust_ecumenical_altar_statues,
          minmay_hexomino_p4

Action                   || total
-------------------------++-------
Melee: Hand axe          ||    11
       Headbutt          ||     2
Armor: Animal skin       ||     1
Dodge: Dodged            ||    16
